 Dungeon Crawl Stone Soup version 0.31.0-12-g77e489cdc1 (webtiles) character file.

Game seed: 4262590501657443218

255 Gadfly the Covered (level 5, -1/45 HPs)
             Began as an Armataur Fighter on Feb 29, 2024.
             Splashed by a jelly's acid (4 damage)
             ... on level 4 of the Dungeon.
             The game lasted 00:04:45 (2823 turns).

Gadfly the Covered (Armataur Fighter)               Turns: 2823, Time: 00:04:45

Health: -1/45      AC:  0    Str: 21    XL:     5   Next: 91%
Magic:  6/6        EV:  7    Int:  9    God:
Gold:   209        SH:  5    Dex: 11    Spells: 4/4 levels left

rFire   . . .        a - +1 morningstar
rCold   + . .        c - +1 buckler
rNeg    . . .        o - +1 scale mail {Will+}
rPois   .            (no helmet)
rElec   .            l - scarf {repulsion}
rCorr   .            (no gloves)
SInv    .            (no barding)
Will    +....        (no amulet) Stlth
                     m - ring of protection from cold
HPRegen 0.27/turn    (no ring)
MPRegen 0.10/turn

%: repel missiles, roll
@: corroded, studying Evocations
A: large, deformed body, tough skin 3, armoured tail, roll 1
a: no special abilities


You were on level 4 of the Dungeon.
You visited 1 branch of the dungeon, and saw 4 of its levels.

You collected 209 gold pieces.

Inventory:

Hand Weapons
 a - a +1 morningstar (weapon)
 b - a +0 dagger of draining
 j - a +0 mace of holy wrath
Armour
 c - a +1 buckler (worn)
 h - a scarf of resistance
 l - a scarf of repulsion (worn)
 o - a +1 scale mail of willpower (worn)
Jewellery
 m - a ring of protection from cold (left hand)
Wands
 e - a wand of digging (8)
Scrolls
 f - a scroll of enchant armour
 g - a scroll of revelation
Potions
 i - a potion of curing {unknown}
 k - a potion of berserk rage {unknown}
 n - a potion of attraction


   Skills:
 + Level 3.2 Fighting
 * Level 3.0 Maces & Flails
 + Level 4.3 Armour
 + Level 3.9 Shields
 * Level 2.5 Invocations
 + Level 2.6 Evocations


You had 4 spell levels left.
You didn't know any spells.
Your spell library contained the following spells:

 Spells                   Type           Power      Damage    Failure   Level
 Slow                     Hex            0%         N/A       78%         1
 Confusing Touch          Hex            0%         N/A       98%         3
 Frozen Ramparts          Ice            0%         1d1       98%         3
 Gell's Gravitas          Tloc           0%         N/A       98%         3
 Sigil of Binding         Hex            0%         N/A       98%         3
 Teleport Other           Tloc           0%         N/A       98%         3
 Vampiric Draining        Necr           0%         2d6       98%         3
 Leda's Liquefaction      Alch/Erth      0%         N/A       100%        4
 Petrify                  Alch/Erth      0%         N/A       100%        4
 Metabolic Englaciation   Hex/Ice        0%         N/A       100%        5
 Dispersal                Tloc           0%         N/A       100%        6


Dungeon Overview and Level Annotations

Branches:
Dungeon (4/15)
 Temple: D:4-7

Altars:

Shops:
D:2 [


Innate Abilities, Weirdness & Mutations

Armour fits poorly on your strangely shaped body.
You have extremely tough skin. (AC +3)
You have a long armoured tail.
You regenerate magic when rolling toward enemies. (Rampage MPRegen)


Message History

The jelly is lightly wounded.
The jelly hits you.
You are splashed with acid.
The jelly hits you but does no damage.
You hit the jelly.
Your hands burn!
You tail-slap the jelly, but do no damage.
The jelly is moderately wounded.
The jelly barely misses you.
You hit the jelly.
Your hands burn!
The jelly is moderately wounded.
The jelly hits you but does no damage.
You barely miss the jelly.
You tail-slap the jelly, but do no damage.
The jelly is moderately wounded.
You block the jelly's attack. The jelly completely misses you.
You hit the jelly.
Your hands burn!
The jelly is severely wounded.
The jelly completely misses you.
You hit the jelly but do no damage.
Your hands burn!
You tail-slap the jelly.
The jelly is almost dead.
The jelly hits you.
You are splashed with acid!
You are too injured to fight recklessly!
You are too injured to fight recklessly!
A jelly is nearby!
A jelly is nearby!
A jelly is nearby!
You are too injured to fight recklessly!
You are too injured to fight recklessly!
You are too injured to fight recklessly!
You are too injured to fight recklessly!
You are too injured to fight recklessly!
You hit the jelly but do no damage.
Your hands burn!
* * * LOW HITPOINT WARNING * * *
The jelly is almost dead.
The jelly closely misses you. The jelly hits you.
* * * LOW HITPOINT WARNING * * *
The acid corrodes you!
You are splashed with acid!
* * * LOW HITPOINT WARNING * * *
Okay, then.
You hit the jelly.
Your hands burn!
You die...

...#.. .....
...#.#...........#
...#.#.........#.#
.......... ...#.#
...#.##.#####..#.#
##..<..........#.#
####.##.#.###..#.#
......# #..#J#
#####.#######..#@#
.................#
#####.#..#########
#.#.........
#.#.########
#.#......#
#.######.#
#.######.#
#........#


You could see a jelly.

Vanquished Creatures
  2 bombardier beetles
  An orc wizard (D:4)
  4 gnolls (D:2)
  3 adders
  5 dart slugs
  A ribbon worm (D:3)
  8 orcs
  7 ball pythons
  4 endoplasms
  3 giant cockroaches
  9 goblins
  4 hobgoblins
  4 jackals (D:1)
  6 kobolds
  5 quokkas
  5 bats
  6 rats (D:1)
77 creatures vanquished.

Notes
Turn   | Place    | Note
-------+----------+-------------------------------------------
     0 | D:1      | Gadfly the Armataur Fighter began the quest for the Orb.
     0 | D:1      | Reached XP level 1. HP: 18/18 MP: 1/1
   250 | D:1      | Reached XP level 2. HP: 25/25 MP: 2/2
   328 | D:1      | Found a faded altar of an unknown god.
   363 | D:1      | Reached skill level 1 in Evocations
   369 | D:1      | Reached skill level 1 in Invocations
   411 | D:1      | Reached XP level 3. HP: 21/30 MP: 3/3
  1024 | D:2      | Found Yralixekk's Armour Boutique.
  1185 | D:2      | Reached XP level 4. HP: 8/37 MP: 5/5
  1194 | D:2      | HP: 1/37 [goblin/sling bullet (2)]
  1525 | D:2      | Identified a scroll of acquirement
  1525 | D:2      | Acquired a manual of Evocations
  1609 | D:3      | Reached skill level 4 in Armour
  1711 | D:3      | Reached XP level 5. HP: 11/45 MP: 6/6
  2823 | D:4      | Splashed by a jelly's acid

Illustrated notes

Levels and vault maps discovered:
D:1:      reono_arrival_forest_river, layout_basic,
          shapermc_ecumenical_altar_notcrosses, minmay_close_crescents
D:2:      layout_basic, serial_shops, shop, minmay_misc_feat_rows
D:3:      layout_rooms
D:4:      layout_basic

Skill      XL: |  1  2  3  4  5 |
---------------+----------------+-----
Maces & Flails | 2 3 |  3.0
Evocations     | 1 2 |  2.6
Invocations    | 1 2 |  2.5
Fighting       | 3 |  3.2
Armour         | 4 |  4.3
Shields        | |  3.9

Action                     |  1- 3 |  4- 6 || total
---------------------------+-------+-------++-------
  Melee: Flail             |    96 |    11 ||   107
         Tailslap          |    13 |    15 ||    28
         Dagger            |       |    64 ||    64
         Morningstar       |       |    71 ||    71
    Use: Potion            |       |     4 ||     4
         Scroll            |       |     8 ||     8
 Armour: Scale mail        |    78 |    98 ||   176
  Dodge: Dodged            |    47 |    35 ||    82
         Repelled          |       |     3 ||     3
  Block: Buckler           |    24 |    30 ||    54
